 Dungeon Crawl Stone Soup version 0.25-a0-292-gaa31f046c4 (webtiles) character file.

Game seed: 13887798184557541364, levelgen mode: classic

3528 Borgoz the Slicer (level 10, -1/64 HPs)
             Began as a Kobold Fighter on Dec 15, 2019.
             Was an Elder of Okawaru.
             Slain by an unseen horror (5 damage)
             ... on level 8 of the Dungeon.
             The game lasted 00:14:31 (8567 turns).

Borgoz the Slicer (Kobold Fighter)                  Turns: 8567, Time: 00:14:32

Health: -1/64      AC: 11    Str: 16    XL:     10   Next: 29%
Magic:  10/10      EV: 16    Int: 11    God:    Okawaru [****..]
Gold:   186        SH:  6    Dex: 14    Spells: 9/9 levels left

rFire    . . .     SeeInvis .   y - +1 short sword (elec)
rCold    + . .     Gourm    .   o - +0 buckler
rNeg     . . .     Faith    .   z - +0 ring mail {rC+}
rPois    .         Spirit   .   r - +1 helmet
rElec    .         Reflect  .   d - +2 cloak of the Fiend {rCorr}
rCorr    +         Harm     .   (no gloves)
MR       +....                  (no boots)
Stlth    +.........             (no amulet)
HPRegen  0.20/turn              c - ring of protection from magic
MPRegen  0.12/turn              (no ring)

@: berserk cooldown, slowed, heavily drained, very slow
A: small, carnivore
a: Heroism, Renounce Religion


You were on level 8 of the Dungeon.
You worshipped Okawaru.
Okawaru was greatly pleased with you.
You were very full.

You visited 1 branch of the dungeon, and saw 8 of its levels.
You also visited: Ossuary.

You collected 350 gold pieces.
You spent 164 gold pieces at shops.

Inventory:

Hand Weapons
 a - a +0 rapier
 y - a +1 short sword of electrocution (weapon)
Missiles
 n - 3 throwing nets (quivered)
Armour
 d - the +2 cloak of the Fiend (worn) {rCorr}
   (You found it on level 4 of the Dungeon)

   It provides partial protection from all sources of acid and corrosion.
 o - a +0 buckler (worn)
 r - a +1 helmet (worn)
 z - a +0 ring mail of cold resistance (worn)
Jewellery
 c - a ring of protection from magic (left hand)
 i - an uncursed ring of ice
 p - an uncursed ring of flight
Wands
 e - a wand of paralysis (6)
 u - a wand of digging (8)
 x - a wand of polymorph (8)
 F - a wand of iceblast (8)
Scrolls
 b - 3 scrolls of enchant weapon {unknown}
 g - 3 scrolls of enchant armour
 h - 3 scrolls of remove curse
 v - a scroll of blinking
 A - 4 scrolls of teleportation
 E - a scroll of fog {unknown}
Potions
 j - 2 potions of invisibility
 k - 6 potions of curing
 l - 2 potions of degeneration {unknown}
 q - 2 potions of flight
 s - 3 potions of cancellation
 t - 4 potions of haste
 w - a potion of mutation
 B - a potion of magic
 C - a potion of resistance
 D - a potion of brilliance
 G - a potion of might
Comestibles
 f - 12 rations


   Skills:
 + Level 7.7(6.0) Fighting
 + Level 8.7(7.0) Short Blades
 + Level 5.8(4.2) Armour
 + Level 7.3(5.7) Dodging
 + Level 5.8(4.2) Shields


You had 9 spell levels left.
You didn't know any spells.
Your spell library contained the following spells:

 Spells                   Type           Power        Failure   Level  Hunger
 Infusion                 Chrm           #...         58%         1    ##.....
 Shroud of Golubria       Chrm/Tloc      #.....       73%         2    ###....
 Song of Slaying          Chrm           #.......     73%         2    ###....
 Regeneration             Chrm/Necr      #.........   91%         3    ####...
 Spectral Weapon          Hex/Chrm       #.......     91%         3    ####...


Dungeon Overview and Level Annotations

Branches:
Dungeon (8/15)             Temple (0/1) D:7         Ossuary (visited)
   Lair: D:8-11

Altars:
Ashenzari
Cheibriados
Gozag
Hepliaklqana
Okawaru
Sif Muna
Uskayaw
Wu Jian
Xom
Yredelemnul

Shops:
D:6 *![!?   D:7 [   D:8 (


Innate Abilities, Weirdness & Mutations

You are small and have problems with some larger weapons.
You are carnivorous and can eat meat at any time.


Message History

* * * LOW HITPOINT WARNING * * *
You swing at nothing.
A red film seems to cover your vision as you go berserk!
You feel yourself moving faster!
You feel mighty! Something hits you.
* * * LOW HITPOINT WARNING * * *
You feel a strong urge to attack something.
You block something's attack. Something hits you.
* * * LOW HITPOINT WARNING * * *
You feel your anger nearly subside. Something hits you.
* * * LOW HITPOINT WARNING * * *
You are no longer berserk.
You are exhausted.
You feel yourself slow down. Something hits you.
* * * LOW HITPOINT WARNING * * *
Something hits you.
* * * LOW HITPOINT WARNING * * *
You hit something. Lightning courses through something! Something hits you.
You die...

.....# # ##.#.# # ####
#.>..######### #
...###............# ##
...#..........#.#.#### #####.
.....##.....##.##..... ...#.
..............>...# #.#.
...#.##.....##.##.##### #...
.###.###...###..@.....########...
.# #.# ##.## ####...!..........#⌠
.###.# #.# ###.#######.#....#.
..##.# #.# #...# #...##### #.##.#
#.# #.#.# #...# # #.##.# #.###
#...# #<#.# + #.##.# #...# #.#.#
#.#.# # #.##.# ###.###.#.#
#.#.##### #.##.#
#.#...#.#######.#....#.


There were no monsters in sight!

Vanquished Creatures
  Harold (D:7)
  Grinder (D:6)
  Sigmund (D:6)
  A wraith (Ossuary)
  Edmund (D:6)
  A water moccasin (D:5)
  A black bear (D:7)
  A phantom (D:5)
  2 orc warriors (D:7)
  4 bullfrogs
  3 scorpions
  A water moccasin skeleton (D:6)
  4 howler monkeys
  A centaur zombie (D:6)
  2 crimson imps (D:7)
  A jelly (D:8)
  2 quasits
  A bullfrog zombie (D:6)
  A centaur skeleton (D:5)
  3 hounds
  5 orc priests
  A bullfrog skeleton (D:5)
  3 iguanas
  10 orc wizards
  2 worker ants
  3 mummies (Ossuary)
  A worker ant zombie (D:5)
  9 adders
  A shadow imp (D:5)
  An ooze (D:4)
  An adder skeleton (D:7)
  An adder zombie (D:4)
  2 worms
  A dart slug (D:1)
  4 leopard geckos
  35 orcs
  3 bats
  3 giant cockroaches
  5 goblins
  9 hobgoblins
  13 jackals
  11 kobolds
  A quokka (D:2)
  6 frilled lizards
  2 gnoll zombies (Ossuary)
  A goblin zombie (Ossuary)
  4 hobgoblin zombies (Ossuary)
  A jackal skeleton (D:5)
  A jackal zombie (D:5)
  A kobold zombie (Ossuary)
  A leopard gecko zombie (D:5)
  4 rats
179 creatures vanquished.

Notes
Turn   | Place    | Note
-------+----------+-------------------------------------------
     0 | D:1      | Borgoz the Kobold Fighter began the quest for the Orb.
     0 | D:1      | Reached XP level 1. HP: 14/14 MP: 1/1
   119 | D:1      | Reached XP level 2. HP: 19/19 MP: 2/2
   283 | D:1      | Reached skill level 3 in Short Blades
   308 | D:1      | Reached skill level 1 in Dodging
   543 | D:1      | Reached XP level 3. HP: 13/23 MP: 3/3
   959 | D:2      | Reached XP level 4. HP: 8/29 MP: 4/4
  1364 | D:2      | Found a basalt altar of Yredelemnul.
  1479 | D:2      | Found a hide-covered altar of Uskayaw.
  1992 | D:3      | Reached XP level 5. HP: 31/33 MP: 5/5
  2328 | D:3      | Reached skill level 4 in Short Blades
  2895 | D:4      | Found an iron altar of Okawaru.
  2908 | D:4      | Reached XP level 6. HP: 12/39 MP: 6/6
  2940 | D:4      | Became a worshipper of Warmaster Okawaru
  3328 | D:4      | Reached XP level 7. HP: 17/44 MP: 7/7
  3730 | D:4      | Got an encrusted cloak
  3736 | D:4      | Identified the +2 cloak of the Fiend {rCorr} (You found it
                  | on level 4 of the Dungeon)
  4092 | D:5      | Entered Level 5 of the Dungeon
  4127 | D:5      | Noticed a water moccasin
  4137 | D:5      | Reached skill level 5 in Short Blades
  4154 | D:5      | Killed a water moccasin
  4154 | D:5      | Reached * piety under Okawaru
  4154 | D:5      | Reached skill level 5 in Fighting
  4433 | D:5      | Reached XP level 8. HP: 42/49 MP: 8/8
  5466 | D:6      | Found Gukh's Distillery.
  5473 | D:6      | Bought a potion of heal wounds for 65 gold pieces
  5484 | D:6      | Found an opulent altar of Gozag.
  5490 | D:6      | Reached skill level 6 in Short Blades
  5544 | D:6      | Reached ** piety under Okawaru
  5686 | D:6      | Noticed Grinder
  5688 | D:6      | Found a shimmering altar of Xom.
  5699 | D:6      | Paralysed by Grinder for 2 turns
  5709 | D:6      | Killed Grinder
  5709 | D:6      | Reached skill level 5 in Dodging
  5885 | D:6      | Found a hazy altar of Hepliaklqana.
  5911 | D:6      | Noticed Sigmund
  5932 | D:6      | Killed Sigmund
  5932 | D:6      | Reached XP level 9. HP: 49/55 MP: 9/9
  6100 | D:6      | Found Estreotuymm's Magic Scroll Shoppe.
  6109 | D:6      | Bought 3 scrolls of teleportation for 99 gold pieces
  6266 | D:6      | Noticed Edmund
  6275 | D:6      | Killed Edmund
  6275 | D:6      | Reached skill level 7 in Short Blades
  6598 | D:6      | Found an ornate altar of the Wu Jian Council.
  6692 | D:6      | Found Nafuh's Distillery.
  6726 | D:6      | Found Saodun's Armour Shoppe.
  6781 | D:6      | Found Neble's General Store.
  6814 | D:7      | Reached skill level 5 in Armour
  6814 | D:7      | Reached skill level 5 in Shields
  7001 | D:7      | Found a staircase to the Ecumenical Temple.
  7013 | D:7      | Reached *** piety under Okawaru
  7190 | D:7      | Found a sand-covered staircase.
  7196 | Ossuary  | Entered an ossuary
  7612 | Ossuary  | Reached skill level 8 in Short Blades
  7868 | D:7      | Reached XP level 10. HP: 59/63 MP: 10/10
  7894 | D:7      | Found Cheibriados's Comfort Zone.
  7894 | D:7      | Found a snail-covered altar of Cheibriados.
  7902 | D:7      | Noticed Harold
  7920 | D:7      | Killed Harold
  7920 | D:7      | Reached **** piety under Okawaru
  8328 | D:7      | Found a shimmering blue altar of Sif Muna.
  8388 | D:8      | Found a shattered altar of Ashenzari.
  8468 | D:8      | Found Jewaerih's Antique Weapon Shoppe.
  8567 | D:8      | Slain by an unseen horror

Levels and vault maps discovered:
D:1:      psy_arrival_radial01, layout_loops_ring
D:2:      layout_loops_ring, overflow_temple_1_default,
          overflow_temple_1_default
D:3:      layout_basic, serial_rivers, chequers_serial_rivers_micro_e,
          chequers_serial_rivers_large_a, chequers_serial_rivers_room_b,
          chequers_serial_rivers_marsh
D:4:      layout_cave_pools, okawaru_ov_weapons_minmay, first_ration
D:5:      layout_cave_pods
D:6:      layout_loops_ring, nicolae_overflow_crystal_walls,
          lemuel_doored_altar, basic_altar, serial_shops, shop, kennysheep_mini,
          shop, nicolae_shop_temple_entry_statues_fountains,
          nicolae_shop_behind_doors,
          nicolae_gozag_cash_rules_everything_around_me, uniq_grinder,
          uniq_edmund, uniq_sigmund
D:7:      layout_loops_ring, tgw_sif, minmay_temple_entry_arrows,
          lightli_ossuary_entry_decrepit_ruins, minmay_shop_chei, uniq_harold
D:8:      layout_loops_ring, evilmike_ruin_ashenzari, overflow_temple_1_default,
          serial_shops, nicolae_shop_crystal

Skill      XL: |  1  2  3  4  5  6  7  8  9 10 |
---------------+-------------------------------+-----
Short Blades   | 3 4 5 6 8 |  8.7
Dodging        | 1 2 3 4 5 6 7 |  7.3
Fighting       | 4 5 6 7 |  7.7
Armour         | 3 4 5 |  5.8
Shields        | 3 4 5 |  5.8

Action                   |  1- 3 |  4- 6 |  7- 9 | 10-12 || total
-------------------------+-------+-------+-------+-------++-------
Melee: Rapier            |    70 |   206 |   248 |       ||   524
       Short sword       |       |       |   298 |    39 ||   337
Throw: Throwing net      |       |       |       |     2 ||     2
Evoke: Wand              |       |       |       |     1 ||     1
  Use: Potion            |       |     3 |     2 |     3 ||     8
       Scroll            |       |       |    16 |     1 ||    17
 Stab: Distracted        |       |       |     1 |       ||     1
       Invisible         |       |       |     2 |       ||     2
       Held in net/web   |       |       |       |     2 ||     2
  Eat: Chunk             |     7 |     9 |    15 |     1 ||    32
Armor: Ring mail         |    21 |    51 |   145 |     9 ||   226
Dodge: Dodged            |    29 |   126 |   279 |     4 ||   438
Block: Shield            |    33 |    40 |       |       ||    73
       Buckler           |       |    33 |   116 |     8 ||   157

Table legend:
 A = Non-vault XP
 B = Vault XP
 C = Vault XP percentage of total XP
 D = Non-vault monster count
 E = Vault monster count
 F = Vault count percentage of total count
                 A         B        C        D         E       F
            +---------+---------+-------+---------+---------+-------
      Total |    3107 |    1934 |  38.4 |     162 |      17 |   9.5
            +---------+---------+-------+---------+---------+-------
        D:1 |      33 |       0 |   0.0 |      19 |       0 |   0.0
        D:2 |      95 |       0 |   0.0 |      21 |       0 |   0.0
        D:3 |     121 |       0 |   0.0 |      17 |       0 |   0.0
        D:4 |     401 |       0 |   0.0 |      23 |       0 |   0.0
        D:5 |     613 |       0 |   0.0 |      23 |       0 |   0.0
        D:6 |     700 |     644 |  47.9 |      31 |       3 |   8.8
        D:7 |    1063 |    1035 |  49.3 |      26 |       2 |   7.1
        D:8 |      81 |       0 |   0.0 |       2 |       0 |   0.0
    Ossuary |       0 |     255 | 100.0 |       0 |      12 | 100.0
            +---------+---------+-------+---------+---------+-------
